TOP OF THE 1ST |
Intercourse Amish batting - Pitching for Kingston Iguanas : RHP Jim Snyder
|
Pitching: RHP Jim Snyder
|
|
Batting: RHB Joel Hebert
|
0-0: Called Strike 0-1: Foul Ball, location: 2F 0-2: Ball 1-2: Foul Ball, location: 2F 1-2: Foul Ball, location: 2F 1-2: Fly out, F4 (Popup, 4D)
|
Batting: RHB Brian Stewart
|
0-0: Ball 1-0: Ball 2-0: Ball 3-0: Called Strike 3-1: Fly out, F9 (Line Drive, 9)
|
Batting: RHB Júlio Serra
|
0-0: Fly out, F7 (Flyball, 78D)
|
Top of the 1st over - 0 runs, 0 hits, 0 errors, 0 left on base; Intercourse 0 - Kingston 0 |
BOTTOM OF THE 1ST |
Kingston Iguanas batting - Pitching for Intercourse Amish : RHP Andrés Ruíz
|
Pitching: RHP Andrés Ruíz
|
|
Batting: RHB Ron Campbell
|
0-0: Ball 1-0: Called Strike 1-1: Foul Ball, location: 2F 1-2: Strikes out swinging
|
Batting: LHB Henry Durham
|
0-0: Ball 1-0: Called Strike 1-1: Foul Ball, location: 2F 1-2: Ground out 6-3 (Groundball, 56)
|
Batting: LHB Gustavo Gómez
|
0-0: Ball 1-0: Ball 2-0: Ball 3-0: Swinging Strike 3-1: Base on Balls
|
Batting: RHB Bob Lee
|
0-0: Called Strike 0-1: Ball 1-1: Foul Ball, location: 2F 1-2: Ground out U3 (Groundball, 3L)
|
Bottom of the 1st over - 0 runs, 0 hits, 0 errors, 1 left on base; Intercourse 0 - Kingston 0 |
TOP OF THE 2ND |
Intercourse Amish batting - Pitching for Kingston Iguanas : RHP Jim Snyder
|
Batting: RHB Gustavo Rodríguez
|
0-0: Called Strike 0-1: Called Strike 0-2: Ball 1-2: Fly out, F9 (Flyball, 9S)
|
Batting: RHB Frank Maxwell
|
0-0: Hit by Pitch
|
Batting: SHB Conan Hanson
|
0-0: Called Strike 0-1: Swinging Strike 0-2: Strikes out swinging
|
Batting: LHB Carlos De La Rosa
|
0-0: Fly out, F7 (Line Drive, 7LM)
|
Top of the 2nd over - 0 runs, 0 hits, 0 errors, 1 left on base; Intercourse 0 - Kingston 0 |
BOTTOM OF THE 2ND |
Kingston Iguanas batting - Pitching for Intercourse Amish : RHP Andrés Ruíz
|
Batting: RHB Francisco Martínez
|
0-0: SINGLE (Groundball, 56D)
|
Batting: RHB Andrés Bustamante
|
0-0: Called Strike 0-1: Ball 1-1: SINGLE (Groundball, 34D) Francisco Martínez to second
|
Batting: RHB Sergio Mata
|
0-0: Ball 1-0: Called Strike 1-1: Ball 2-1: Called Strike 2-2: Foul Ball, location: 2F 2-2: Ball 3-2: Strikes out looking
|
Batting: RHB Manuel Gómez
|
0-0: Called Strike 0-1: Ball 1-1: Ball 2-1: Foul Ball, location: 2F 2-2: Foul Ball, location: 2F 2-2: Ball 3-2: Strikes out looking
|
Batting: RHB Argan Kamuliva
|
0-0: Called Strike 0-1: Fly out, F9 (Flyball, 9)
|
Bottom of the 2nd over - 0 runs, 2 hits, 0 errors, 2 left on base; Intercourse 0 - Kingston 0 |
TOP OF THE 3RD |
Intercourse Amish batting - Pitching for Kingston Iguanas : RHP Jim Snyder
|
Batting: RHB Esteban Ayala
|
0-0: Ball 1-0: Called Strike 1-1: Ball 2-1: SINGLE (Groundball, 4) (infield hit)
|
Batting: RHB Roberto Solís
|
0-0: Ball 1-0: Called Strike 1-1: Ball 2-1: Called Strike 2-2: SINGLE (Groundball, 6MD) Esteban Ayala to second Runner from 2nd tries for 3rd, SAFE, no throw
|
Batting: RHB Joel Hebert
|
0-0: Called Strike 0-1: Ball 1-1: Ball 2-1: Grounds into double play, 6-4-3 (Groundball, 6) Esteban Ayala scores
|
Batting: RHB Brian Stewart
|
0-0: Called Strike 0-1: Ball 1-1: Fly out, F7 (Flyball, 7LS)
|
Top of the 3rd over - 1 run, 2 hits, 0 errors, 0 left on base; Intercourse 1 - Kingston 0 |
BOTTOM OF THE 3RD |
Kingston Iguanas batting - Pitching for Intercourse Amish : RHP Andrés Ruíz
|
Batting: RHB Ron Campbell
|
0-0: Ball 1-0: Called Strike 1-1: Foul Ball, location: 2F 1-2: Ground out 6-3 (Groundball, 6)
|
Batting: LHB Henry Durham
|
0-0: Ball 1-0: Foul Ball, location: 2F 1-1: Hit by Pitch
|
Batting: LHB Gustavo Gómez
|
0-0: Ball 1-0: Foul Ball, location: 2F 1-1: Ball 2-1: Foul Ball, location: 2F 2-2: Ball 3-2: Base on Balls Henry Durham to second
|
Batting: RHB Bob Lee
|
0-0: Ball 1-0: Called Strike 1-1: Ball 2-1: DOUBLE (Groundball, 5L) Henry Durham scores Gustavo Gómez to third
|
Batting: RHB Francisco Martínez
|
0-0: Ball 1-0: Ball 2-0: Called Strike 2-1: Called Strike 2-2: Foul Ball, location: 2F 2-2: SINGLE (Line Drive, 9LS) Gustavo Gómez scores Bob Lee to third Runner from 3rd tries for Home, SAFE, no throw
|
Batting: RHB Andrés Bustamante
|
0-0: Foul Ball, location: 2F 0-1: Fly out, F4 (Popup, 4D)
|
Batting: RHB Sergio Mata
|
0-0: Foul Ball, location: 2F 0-1: Fly out, F8 (Flyball, 8LD)
|
Bottom of the 3rd over - 3 runs, 2 hits, 0 errors, 1 left on base; Intercourse 1 - Kingston 3 |
TOP OF THE 4TH |
Intercourse Amish batting - Pitching for Kingston Iguanas : RHP Jim Snyder
|
Batting: RHB Júlio Serra
|
0-0: Swinging Strike 0-1: Foul Ball, location: 2F 0-2: Ball 1-2: Ball 2-2: Ball 3-2: Strikes out looking
|
Batting: RHB Gustavo Rodríguez
|
0-0: Called Strike 0-1: Ball 1-1: Ball 2-1: Called Strike 2-2: Strikes out looking
|
Batting: RHB Frank Maxwell
|
0-0: Called Strike 0-1: Swinging Strike 0-2: Ball 1-2: SINGLE (Line Drive, 6M)
|
Batting: SHB Conan Hanson
|
0-0: Ball 1-0: Ground out 4-3 (Groundball, 4)
|
Top of the 4th over - 0 runs, 1 hit, 0 errors, 1 left on base; Intercourse 1 - Kingston 3 |
BOTTOM OF THE 4TH |
Kingston Iguanas batting - Pitching for Intercourse Amish : RHP Andrés Ruíz
|
Batting: RHB Manuel Gómez
|
0-0: Called Strike 0-1: Foul Ball, location: 2F 0-2: Strikes out swinging
|
Batting: RHB Argan Kamuliva
|
0-0: Swinging Strike 0-1: Foul Ball, location: 2F 0-2: Ball 1-2: Strikes out swinging
|
Batting: RHB Ron Campbell
|
0-0: Called Strike 0-1: SINGLE (Flyball, 89S)
|
Batting: LHB Henry Durham
|
0-0: Ball 1-0: Foul Ball, location: 2F 1-1: Ground out U3 (Groundball, 3)
|
Bottom of the 4th over - 0 runs, 1 hit, 0 errors, 1 left on base; Intercourse 1 - Kingston 3 |
TOP OF THE 5TH |
Intercourse Amish batting - Pitching for Kingston Iguanas : RHP Jim Snyder
|
Batting: LHB Carlos De La Rosa
|
0-0: Foul Ball, location: 2F 0-1: Ball 1-1: Ball 2-1: SINGLE (Groundball, 6M) (infield hit)
|
Batting: RHB Esteban Ayala
|
0-0: Ball 1-0: Called Strike 1-1: Ball 2-1: Ball 3-1: Base on Balls Carlos De La Rosa to second
|
Batting: RHB Roberto Solís
|
Balk! Carlos De La Rosa to third Esteban Ayala to second 0-0: Ball 1-0: Foul Ball, location: 2F 1-1: Swinging Strike 1-2: Ball 2-2: Foul Ball, location: 2F 2-2: Ground out 4-3 (Groundball, 4MS) Carlos De La Rosa scores Esteban Ayala to third
|
Batting: RHB Joel Hebert
|
0-0: Ball 1-0: Ball 2-0: Foul Ball, location: 2F 2-1: Ground out 4-3 (Groundball, 4) Esteban Ayala scores
|
Batting: RHB Brian Stewart
|
0-0: Foul Ball, location: 2F 0-1: Called Strike 0-2: Strikes out looking
|
Top of the 5th over - 2 runs, 1 hit, 0 errors, 0 left on base; Intercourse 3 - Kingston 3 |
BOTTOM OF THE 5TH |
Kingston Iguanas batting - Pitching for Intercourse Amish : RHP Andrés Ruíz
|
Batting: LHB Gustavo Gómez
|
0-0: Called Strike 0-1: Called Strike 0-2: Ball 1-2: Ball 2-2: Foul Ball, location: 2F 2-2: Foul Ball, location: 2F 2-2: Foul Ball, location: 2F 2-2: Ball 3-2: Fly out, F8 (Flyball, 8RD)
|
Batting: RHB Bob Lee
|
0-0: SINGLE (Line Drive, 8RS)
|
Pitching: LHP Rodrigo Álvarez
|
|
Batting: RHB Francisco Martínez
|
0-0: Ball 1-0: Foul Ball, location: 2F 1-1: Called Strike 1-2: Ball 2-2: Strikes out swinging
|
Batting: RHB Andrés Bustamante
|
0-0: Ball 1-0: Foul Ball, location: 2F 1-1: Ball 2-1: Ball 3-1: Foul Ball, location: 2F 3-2: Ground out 4-3 (Groundball, 4D)
|
Bottom of the 5th over - 0 runs, 1 hit, 0 errors, 1 left on base; Intercourse 3 - Kingston 3 |
TOP OF THE 6TH |
Intercourse Amish batting - Pitching for Kingston Iguanas : RHP Jim Snyder
|
Batting: RHB Júlio Serra
|
0-0: DOUBLE (Line Drive, 89XD)
|
Batting: RHB Gustavo Rodríguez
|
0-0: Ball 1-0: Called Strike 1-1: SINGLE (Flyball, 9LS) Júlio Serra to third
|
Batting: RHB Frank Maxwell
|
0-0: Called Strike 0-1: Foul Ball, location: 2F 0-2: Ball 1-2: Ball 2-2: Foul Ball, location: 2F 2-2: Ball 3-2: Grounds into double play, 1-6-3 (Groundball, 13)
|
Batting: SHB Conan Hanson
|
0-0: Ball 1-0: Foul Ball, location: 2F 1-1: Ball 2-1: Ground out 5-3 (Groundball, 56)
|
Top of the 6th over - 0 runs, 2 hits, 0 errors, 1 left on base; Intercourse 3 - Kingston 3 |
BOTTOM OF THE 6TH |
Kingston Iguanas batting - Pitching for Intercourse Amish : LHP Rodrigo Álvarez
|
Batting: RHB Sergio Mata
|
0-0: Ball 1-0: Ball 2-0: Called Strike 2-1: Foul Ball, location: 2F 2-2: Strikes out looking
|
Batting: RHB Manuel Gómez
|
0-0: Fly out, F9 (Flyball, 9S)
|
Batting: RHB Argan Kamuliva
|
0-0: Ball 1-0: Ground out 2-3 (Groundball, 15S)
|
Bottom of the 6th over - 0 runs, 0 hits, 0 errors, 0 left on base; Intercourse 3 - Kingston 3 |
BOTTOM OF THE 7TH |
Kingston Iguanas batting - Pitching for Intercourse Amish : LHP Rodrigo Álvarez
|
Now at 1B: Bruce Foster
|
|
Batting: RHB Ron Campbell
|
0-0: Swinging Strike 0-1: Ground out 5-3 (Groundball, 5)
|
Batting: LHB Henry Durham
|
0-0: Called Strike 0-1: Called Strike 0-2: SINGLE (Groundball, 4D)
|
Batting: LHB Gustavo Gómez
|
0-0: Reached on error, E4 (Groundball, 4) Henry Durham to second
|
Batting: RHB Bob Lee
|
0-0: Ball 1-0: Foul Ball, location: 2F 1-1: Ball 2-1: SINGLE (Flyball, 9LS) Henry Durham to third Gustavo Gómez to second
|
Batting: RHB Francisco Martínez
|
0-0: Fly out, F9 (Flyball, 89M) Runner from 3rd tags up, SCORES, throw made
|
Batting: RHB Andrés Bustamante
|
0-0: Ball 1-0: Swinging Strike 1-1: Swinging Strike 1-2: Ball 2-2: Ball 3-2: Fly out, F2 (Popup, 23F)
|
Bottom of the 7th over - 1 run, 2 hits, 1 error, 2 left on base; Intercourse 4 - Kingston 4 |
TOP OF THE 8TH |
Intercourse Amish batting - Pitching for Kingston Iguanas : LHP Javier Robles
|
Batting: RHB Frank Maxwell
|
0-0: Swinging Strike 0-1: Foul Ball, location: 2F 0-2: Strikes out swinging
|
Batting: SHB Conan Hanson
|
0-0: Ground out 4-3 (Groundball, 4MS)
|
Pinch Hitting: RHB Bob Carr
|
0-0: Ball 1-0: Foul Ball, location: 2F 1-1: Ball 2-1: Ball 3-1: Swinging Strike 3-2: Base on Balls
|
Pitching: LHP Jeff Minnich
|
|
Batting: LHB Bruce Foster
|
0-0: Called Strike 0-1: Foul Ball, location: 2F 0-2: Ball 1-2: Strikes out swinging
|
Top of the 8th over - 0 runs, 0 hits, 0 errors, 1 left on base; Intercourse 4 - Kingston 4 |
BOTTOM OF THE 8TH |
Kingston Iguanas batting - Pitching for Intercourse Amish : LHP Rodrigo Álvarez
|
Now in CF: Jeremiah Ward
|
|
Batting: RHB Sergio Mata
|
0-0: Called Strike 0-1: Ball 1-1: Ball 2-1: Ball 3-1: Base on Balls
|
Batting: RHB Manuel Gómez
|
0-0: Ball 1-0: Ball 2-0: Ball 3-0: Called Strike 3-1: Called Strike 3-2: Strikes out swinging
|
Pinch Hitting: RHB Bobby Armstrong
|
0-0: Ball 1-0: Grounds into double play, 4-6-3 (Groundball, 4M)
|
Bottom of the 8th over - 0 runs, 0 hits, 0 errors, 0 left on base; Intercourse 4 - Kingston 4 |
TOP OF THE 9TH |
Intercourse Amish batting - Pitching for Kingston Iguanas : LHP Jeff Minnich
|
Pitching: RHP Ángel Casillas
|
|
Now in CF: Billy Anderson
|
|
Batting: RHB Roberto Solís
|
0-0: Called Strike 0-1: Fly out, F8 (Flyball, 8LM)
|
Batting: RHB Joel Hebert
|
0-0: Foul Ball, location: 2F 0-1: Foul Ball, location: 2F 0-2: Ball 1-2: Ball 2-2: SINGLE (Line Drive, 78S)
|
Pinch Runner at 1st Jesús Raugel:
|
|
Batting: RHB Brian Stewart
|
0-0: Ball Jesús Raugel is caught stealing 2nd base 1-0: Called Strike 1-1: Swinging Strike 1-2: SINGLE (Flyball, 6MD)
|
Pinch Runner at 1st José Castillo:
|
|
Batting: RHB Júlio Serra
|
0-0: Ball 1-0: Ball 2-0: Foul Ball, location: 2F 2-1: Ball 3-1: Foul Ball, location: 2F 3-2: SINGLE (Line Drive, 89S) José Castillo to second José Castillo to third
|
Batting: RHB Gustavo Rodríguez
|
0-0: Ball 1-0: Called Strike 1-1: Called Strike 1-2: Foul Ball, location: 2F 1-2: Strikes out swinging
|
Top of the 9th over - 0 runs, 3 hits, 0 errors, 2 left on base; Intercourse 4 - Kingston 4 |
BOTTOM OF THE 9TH |
Kingston Iguanas batting - Pitching for Intercourse Amish : LHP Rodrigo Álvarez
|
Now in LF: Jesús Raugel
|
|
Batting: RHB Ron Campbell
|
0-0: Ball 1-0: Ball 2-0: Called Strike 2-1: Ball 3-1: Ground out 1-3 (Groundball, 13S)
|
Batting: LHB Henry Durham
|
0-0: Ball 1-0: Called Strike 1-1: Foul Ball, location: 2F 1-2: Foul Ball, location: 2F 1-2: Ground out U3 (Groundball, 3)
|
Batting: LHB Gustavo Gómez
|
0-0: Ball 1-0: Called Strike 1-1: SOLO HOME RUN (Flyball, 7D), Distance : 362 ft
|
Saturday, April 7th, 2018 - OOTP Baseball 18.8 Build 76
|
|